 Dungeon Crawl Stone Soup version 0.30.0-5-g1a98f26d00 (webtiles) character file.

Game seed: 16354959840452408701

2273 Jackthecabe the Firebug (level 9, -5/52 HPs)
             Began as a Deep Elf Fire Elementalist on May 11, 2023.
             Was a High Priest of Cheibriados.
             Slain by Duvessa
             ... wielding a +5 short sword of protection
              (16 damage)
             ... on level 7 of the Dungeon.
             The game lasted 00:17:46 (9562 turns).

Jackthecabe the Firebug (DEFE)                      Turns: 9562, Time: 00:17:51

Health: -5/52      AC:  4    Str: 16    XL:     9   Next: 16%
Magic:  6/17       EV: 13    Int: 36    God:    Cheibriados [*****.]
Gold:   333        SH:  0    Dex: 26    Spells: 6/16 levels left

rFire   + + .        o - +0 dagger
rCold   . . .        (no shield)
rNeg    . . .        f - +1 robe {rF+}
rPois   .            c - +0 hat {Stlth+}
rElec   .            h - +0 cloak
rCorr   .            (no gloves)
SInv    .            (no boots)
Will    .....        (no amulet)
Stlth   ++++         F - ring of protection from fire
HPRegen 0.28/turn    (no ring)
MPRegen 0.15/turn

%: no passive effects
@: very slow
A: no striking features
a: Renounce Religion, Bend Time, Temporal Distortion, Slouch, Step From Time


You were on level 7 of the Dungeon.
You worshipped Cheibriados.
Cheibriados was extremely pleased with you.
You visited 2 branches of the dungeon, and saw 8 of its levels.
You also visited: Ossuary.

You collected 333 gold pieces.


   Skills:
 - Level 4.0 Fighting
 - Level 2.4 Dodging
 + Level 2.4 Stealth
 - Level 4.0 Spellcasting
 - Level 6.0 Conjurations
 - Level 6.0 Hexes
 - Level 6.0 Fire Magic
 - Level 4.0 Invocations
 - Level 6.0 Evocations


You had 6 spell levels left.
You knew the following spells:

 Your Spells              Type           Power      Damage    Failure   Level
f - Foxfire               Conj/Fire      100%       2x1d9     1%          1
r - Inner Flame           Hex/Fire       50%        N/A       1%          3
X - Scorch                Fire           100%       2d9       1%          2
Y - Flame Wave            Conj/Fire      50%        2d12      3%          4

Your spell library contained the following spells:

 Spells                   Type           Power      Damage    Failure   Level
 Kiss of Death            Conj/Necr      100%       2d13      1%          1
 Confusing Touch          Hex            50%        N/A       1%          3
 Summon Guardian Golem    Hex/Summ       28%        N/A       3%          3
 Volatile Blastmotes      Fire/Tloc      56%        2d14      3%          3
 Apportation              Tloc           14%        N/A       4%          1
 Necrotise                Necr           28%        1d5       4%          1
 Summon Small Mammal      Summ           28%        N/A       4%          1
 Call Canine Familiar     Summ           7%         N/A       13%         3
 Summon Mana Viper        Hex/Summ       28%        N/A       34%         5
 Dispel Undead            Necr           7%         3d8       38%         4
 Summon Ice Beast         Ice/Summ       7%         N/A       38%         4
 Monstrous Menagerie      Summ           3%         N/A       100%        7

Inventory:

Hand Weapons
 o - a +0 dagger (weapon)
 y - a +0 whip of freezing
Missiles
 z - 6 poisoned darts
Armour
 c - a +0 hat of stealth (worn)
 f - a +1 robe of fire resistance (worn)
 h - a +0 cloak (worn)
 j - a +1 hat
Jewellery
 F - a ring of protection from fire (left hand)
Wands
 n - a wand of charming (6)
 w - a wand of quicksilver (6)
Scrolls
 d - a scroll of enchant weapon {unknown}
 e - 2 scrolls of magic mapping {unknown}
 i - a scroll of amnesia {unknown}
 l - 2 scrolls of immolation {unknown}
 p - a scroll of blinking {unknown}
 q - 2 scrolls of poison
 s - 3 scrolls of fog {unknown}
 t - a scroll of brand weapon {unknown}
 v - 2 scrolls of teleportation {unknown}
 A - a scroll of noise {unknown}
 E - a scroll of enchant armour {unknown}
Potions
 a - 2 potions of haste {@q3}
 b - 3 potions of magic
 g - 3 potions of lignification
 k - 8 potions of curing {@q1}
 m - 4 potions of heal wounds {@q2}
 r - a potion of berserk rage {unknown}
 u - a potion of invisibility {unknown}
 x - 3 potions of degeneration
 B - 4 potions of attraction
 C - 2 potions of ambrosia
 D - 2 potions of brilliance {unknown}

Dungeon Overview and Level Annotations

Branches:
Dungeon (7/15)             Temple (1/1) D:4         Ossuary (visited)

Altars:
Ashenzari
Cheibriados
Dithmenos
Elyvilon
Fedhas
Gozag
Hepliaklqana
Kikubaaqudgha
Makhleb
Okawaru
Ru
Sif Muna
Trog
Wu Jian
Yredelemnul
Zin
The Shining One

Shops:
D:6 =

Annotations:
D:2 Sigmund
D:7 Duvessa

#.........
...#......... .
...#......... ..
...#.$..o.... ...
...#.<)e..... ...
...##)).###.. #..
...##..)#
##...##...#......
+.?...@e).'.......
#.........#.........
#.........##<..##...
#8##+##...###### ...
# ..(+ ...# ...#
...#


You could see Duvessa (berserk).


Message History

Press: ? - help, Dir - look around, f - activate A wave of flame ripples out!
The flame wave engulfs your foxfire. x2 (Press . to intensify the flame waves.)
The foxfire hits Duvessa.
Duvessa is heavily wounded.
The foxfire hits Duvessa but does no damage.
Duvessa is heavily wounded.
A wave of flame ripples out!
The flame wave engulfs Duvessa!
Duvessa is severely wounded.
Duvessa hits you with a +5 short sword of protection! x2
* * * LOW HITPOINT WARNING * * *
Unknown command.
A wave of flame ripples out!
The flame wave engulfs Duvessa!
Duvessa is almost dead.
The flame wave engulfs the orc!!
You kill the orc!
Cheibriados thoroughly appreciates the change of pace.
You finish channelling waves of flame.
You hear an angry hiss.
Duvessa hits you with a +5 short sword of protection!
* * * LOW HITPOINT WARNING * * *
Casting: Flame Wave (dangerous; 3% risk of failure)
Confirm with . or Enter, or press ? or * to list all spells.
Casting: Flame Wave (dangerous; 3% risk of failure)
Press: ? - help, Dir - look around, f - activate A wave of flame ripples out!
The flame wave engulfs Duvessa!
Duvessa is almost dead. (Press . to intensify the flame waves.) Duvessa hits you with a +5 short sword of protection!
You die...

Skill      XL: |  1  2  3  4  5  6  7  8  9 |
---------------+----------------------------+-----
Fire Magic     | 4 5 6 |  6.0
Fighting       | 1 2 3 4 |  4.0
Hexes          | 3 5 6 |  6.0
Invocations    | 4 |  4.0
Evocations     | 4 6 |  6.0
Conjurations   | 4 6 |  6.0
Spellcasting   | 4 |  4.0
Dodging        | |  2.4
Stealth        | |  2.4

Action                     |  1- 3 |  4- 6 |  7- 9 || total
---------------------------+-------+-------+-------++-------
  Melee: Dagger            |       |       |    15 ||    15
   Cast: Foxfire           |    78 |    92 |    70 ||   240
         Scorch            |     8 |    44 |    92 ||   144
         Flame Wave        |       |       |     5 ||     5
  Evoke: Wand              |       |       |     2 ||     2
    Use: Scroll            |       |       |     7 ||     7
 Armour: Robe              |     2 |     6 |     6 ||    14
  Dodge: Dodged            |     4 |     8 |    22 ||    34

Levels and vault maps discovered:
D:1:      tarquinn_simple_flora_water_b, layout_basic
D:2:      layout_basic, uniq_terence, uniq_sigmund
D:3:      layout_loops_corners, general_overflow_altar, old_standard_altar,
          lemuel_crystal_altar, ebering_ecumenical_altar_petrified, uniq_robin
D:4:      layout_gridville, chequers_temple_overflow_minitemple,
          minmay_temple_entry_glass, uniq_pikel, uniq_grinder
D:5:      layout_layer_cave, nicolae_ossuary_entry_giza,
          serial_co_window_serial, co_window_paths_b, co_window_corner_a,
          co_window_corner_a, co_window_paths_a, co_window_paths_a,
          co_window_of_opportunity_a, co_window_2corner, co_window_corner_ca,
          co_window_cross_4, glass_columns_c, glass_columns_a
D:6:      layout_basic, nicolae_shop_unique_rings
D:7:      layout_gridville, serial_shops, nicolae_shop_statue_plus, uniq_duvessa
Temple:   nicolae_temple_figure_zero

Notes
Turn   | Place    | Note
-------+----------+-------------------------------------------
     0 | D:1      | Jackthecabe the Deep Elf Fire Elementalist began the quest
                  | for the Orb.
     0 | D:1      | Reached XP level 1. HP: 10/10 MP: 6/6
   150 | D:1      | Reached XP level 2. HP: 15/15 MP: 5/8
   152 | D:1      | Reached skill level 4 in Fire Magic
   300 | D:1      | Learned a level 2 spell: Scorch
   724 | D:1      | Reached XP level 3. HP: 19/19 MP: 6/9
  1306 | D:2      | Reached skill level 5 in Fire Magic
  1436 | D:2      | Noticed Sigmund
  1459 | D:2      | Noticed Terence
  2008 | D:2      | Identified the +1 ring mail "Itacluhi" {rCorr}
  2127 | D:2      | Reached XP level 4. HP: 24/24 MP: 7/10
  2467 | D:2      | Killed Terence
  2870 | D:3      | Reached skill level 6 in Fire Magic
  3120 | D:3      | Reached skill level 1 in Fighting
  3189 | D:3      | Learned a level 3 spell: Inner Flame
  3303 | D:3      | Found a shimmering blue altar of Sif Muna.
  3362 | D:3      | Found a faded altar of an unknown god.
  3389 | D:3      | Prayed at the altar of an unknown god.
  3389 | D:3      | Became a worshipper of Cheibriados the Contemplative
  3389 | D:3      | Reached * piety under Cheibriados
  3511 | D:3      | Reached XP level 5. HP: 29/29 MP: 6/11
  3512 | D:3      | Reached skill level 1 in Hexes
  3516 | D:3      | Reached skill level 2 in Hexes
  3610 | D:3      | Found a sacrificial altar of Ru.
  3903 | D:3      | Noticed Robin
  3908 | D:3      | Killed Robin
  4017 | D:3      | Found an ornate altar of the Wu Jian Council.
  4312 | D:4      | Noticed a lemure
  4312 | D:4      | Noticed a lemure
  4317 | D:4      | Noticed a lemure
  4321 | D:3      | Killed a lemure
  4322 | D:3      | Killed a lemure
  4454 | D:4      | Noticed an ogre
  4458 | D:4      | Killed an ogre
  4458 | D:4      | Reached ** piety under Cheibriados
  4459 | D:4      | Reached skill level 2 in Fighting
  4459 | D:4      | Reached skill level 3 in Hexes
  4459 | D:4      | Reached XP level 6. HP: 36/36 MP: 7/12
  4774 | D:4      | Reached skill level 4 in Hexes
  4874 | D:4      | Found a shadowy altar of Dithmenos.
  4874 | D:4      | Found a glowing silver altar of Zin.
  4878 | D:4      | Reached skill level 3 in Fighting
  4928 | D:4      | Found a blossoming altar of Fedhas.
  4930 | D:4      | Found a white marble altar of Elyvilon.
  4932 | D:4      | Found a basalt altar of Yredelemnul.
  5108 | D:4      | Found a staircase to the Ecumenical Temple.
  5122 | D:4      | Reached skill level 5 in Hexes
  5122 | D:4      | Reached XP level 7. HP: 41/41 MP: 3/13
  5144 | Temple   | Entered the Ecumenical Temple
  5380 | D:4      | Noticed Grinder
  5394 | D:4      | Killed Grinder
  5395 | D:4      | Reached skill level 4 in Fighting
  5395 | D:4      | Reached skill level 6 in Hexes
  5395 | D:4      | Reached skill level 2 in Invocations
  5639 | D:4      | Noticed Pikel
  5646 | D:4      | Killed Pikel
  5647 | D:4      | Reached skill level 4 in Invocations
  5647 | D:4      | Reached skill level 4 in Evocations
  5647 | D:4      | Reached XP level 8. HP: 41/48 MP: 0/14
  6076 | D:5      | Entered Level 5 of the Dungeon
  6200 | D:5      | Found a sand-covered staircase.
  6233 | Ossuary  | Entered an ossuary
  6236 | Ossuary  | Reached *** piety under Cheibriados
  6655 | Ossuary  | Reached skill level 5 in Evocations
  6748 | Ossuary  | Learned a level 4 spell: Flame Wave
  6922 | Ossuary  | Reached **** piety under Cheibriados
  7240 | D:5      | Reached skill level 2 in Conjurations
  7619 | D:5      | Reached skill level 3 in Conjurations
  7619 | D:5      | Reached skill level 6 in Evocations
  7672 | D:5      | Reached skill level 4 in Conjurations
  8538 | D:6      | Found Isexzam's One-of-a-Kind Rings.
  8986 | D:6      | Reached XP level 9. HP: 52/52 MP: 6/16
  9285 | D:6      | Reached skill level 5 in Conjurations
  9369 | D:7      | Noticed Dowan
  9370 | D:7      | Reached ***** piety under Cheibriados
  9371 | D:7      | Reached skill level 4 in Spellcasting
  9372 | D:7      | Noticed Duvessa
  9375 | D:7      | Killed Dowan
  9514 | D:6      | Reached skill level 6 in Conjurations
  9562 | D:7      | Slain by Duvessa

Vanquished Creatures
  Pikel (D:4)
  Grinder (D:4)
  2 ice beasts
  4 ogres
  4 lemures
  2 phantoms
  2 scorpions (D:5)
  A water moccasin zombie (Ossuary)
  Dowan (D:7)
  A howler monkey (D:4)
  A jelly (D:6)
  2 hounds (D:6)
  6 orc priests
  A sleepcap (D:6)
  Terence (D:2)
  2 orc wizards
  An iguana (D:4)
  3 mummies
  Robin (D:3)
  3 gnolls (D:4)
  5 adders
  A shadow imp (D:6)
  A white imp (D:6)
  An adder zombie (Ossuary)
  5 worms
  2 dart slugs
  19 orcs
  8 ball pythons
  8 bats
  5 endoplasms
  2 giant cockroaches
  2 gnoll zombies (Ossuary)
  14 goblins
  9 hobgoblins
  12 jackals
  5 quokkas
  3 frilled lizards
  13 hobgoblin zombies (Ossuary)
  7 kobolds
  12 kobold zombies
  4 orc zombies (Ossuary)
  7 rats
185 creatures vanquished.

Vanquished Creatures (collateral kills)
  6 foxfires (D:3)
6 creatures vanquished.

Vanquished Creatures (others)
  395 foxfires
395 creatures vanquished.

Grand Total: 586 creatures vanquished

Table legend: (Time is in decaauts)
 A = Elapsed time spent in this place.
 B = Non-inter-level travel time spent in this place.
 C = Inter-level travel time spent in this place.
 D = Time resting spent in this place.
 E = Time spent auto-exploring this place.
 F = Levels seen in this place.
 G = Mean time per level.
                   A        B        C        D        E       F      G
               +--------+--------+--------+--------+--------+-----+--------+
         Total |  11531 |  11087 |    444 |    972 |   8787 |   9 | 1281.2 |
       Dungeon |  10353 |   9922 |    431 |    632 |   8086 |   7 | 1479.0 |
        Temple |    276 |    263 |     13 |     93 |    168 |   1 |  276.0 |
       Ossuary |    901 |    901 |      0 |    247 |    532 |   1 |  901.0 |
               +--------+--------+--------+--------+--------+-----+--------+

Top non-repeatable levels by time:
     D:5: 2546 daAuts
     D:3: 1821 daAuts
     D:4: 1692 daAuts
     D:2: 1583 daAuts
     D:6: 1405 daAuts
     D:1: 1282 daAuts
 Ossuary: 901 daAuts
  Temple: 276 daAuts
     D:7: 21 daAuts

Table legend:
 A = Non-vault XP
 B = Vault XP
 C = Vault XP percentage of total XP
 D = Non-vault monster count
 E = Vault monster count
 F = Vault count percentage of total count
                 A         B        C        D         E       F
            +---------+---------+-------+---------+---------+-------
      Total |    2034 |    1214 |  37.4 |     130 |      51 |  28.2
            +---------+---------+-------+---------+---------+-------
        D:1 |      56 |       0 |   0.0 |      31 |       0 |   0.0
        D:2 |      61 |      36 |  37.1 |      24 |       1 |   4.0
        D:3 |     121 |      35 |  22.4 |      18 |      11 |  37.9
        D:4 |     659 |     902 |  57.8 |      26 |       2 |   7.1
        D:5 |     549 |      20 |   3.5 |      11 |       3 |  21.4
        D:6 |     459 |       0 |   0.0 |      14 |       0 |   0.0
        D:7 |     129 |      67 |  34.2 |       6 |       1 |  14.3
    Ossuary |       0 |     154 | 100.0 |       0 |      33 | 100.0
            +---------+---------+-------+---------+---------+-------
